 Dungeon Crawl Stone Soup version 0.20.1-1-g8b1a95d (webtiles) character file.

511 Michaellaneous the Skirmisher (level 6, -2/55 HPs)
             Began as a Draconian Chaos Knight on Oct 26, 2017.
             Slain by a gnoll shaman
             ... wielding a +0 whip
              (9 damage)
             ... on level 4 of the Dungeon.
             The game lasted 00:18:17 (3759 turns).

Michaellaneous the Skirmisher (DrCK)                Turns: 3759, Time: 00:18:18

Health: -2/55      AC: 14    Str: 17    XL:     6   Next: 99%
Magic:  6/6        EV: 13    Int: 12    God:    Xom [.....*]
Gold:   146        SH:  0    Dex: 10    Spells: 5/5 levels left

rFire    + . .     SeeInvis +   t - +0 mace (protect)
rCold    + . .     Gourm    .   (no shield)
rNeg     . . .     Faith    .   (armour unavailable)
rPois    +         Spirit   .   (helmet restricted)
rElec    .         Reflect  .   v - scarf {rC+ rF+}
rCorr    .         Harm     .   i - +0 pair of gloves
MR       .....                  (no boots)
Stlth    +.........             (no amulet)
Regen    0.2/turn               (no ring)
MPRegen  0.1/turn               (no ring)

@: protection aura, glowing
A: unfitting armour, big wings, see invisible, poison resistance, evolution 1,
cold-blooded, AC +6
a: Fly, Renounce Religion


You were on level 4 of the Dungeon.
You worshipped Xom.
You were Xom's teddy bear.
You were hungry.

You visited 1 branch of the dungeon, and saw 4 of its levels.

You collected 146 gold pieces.

Inventory:

Hand Weapons
 a - a +0 spear of chaos
 t - a +0 mace of protection (weapon)
Armour
 i - a +0 pair of gloves (worn)
 v - a scarf of resistance (worn)
Jewellery
 s - a cursed amulet of inaccuracy {unknown}
Scrolls
 c - a scroll of immolation {unknown}
 d - a scroll of fear {unknown}
 e - a scroll of enchant armour {unknown}
 f - a scroll of blinking {unknown}
 g - 3 scrolls of remove curse
 j - a scroll of recharging {unknown}
 k - a scroll of magic mapping
 m - a scroll of amnesia {unknown}
 n - a scroll of identify {unknown}
 r - a scroll of teleportation
Potions
 h - a potion of heal wounds {unknown}
 o - a potion of agility
 q - a potion of curing {unknown}
 u - a potion of magic
 x - a potion of berserk rage {unknown}
Comestibles
 b - a bread ration
 l - 5 meat rations
 p - 3 chunks of flesh
 w - a royal jelly


   Skills:
 + Level 4.9 Fighting
 + Level 4.2 Maces & Flails
 + Level 4.3 Polearms
 + Level 3.3 Dodging
 + Level 1.9 Stealth


You had 5 spell levels left.
You didn't know any spells.

Dungeon Overview and Level Annotations

Branches:
Dungeon (4/15)             Temple (0/1) D:4

Altars:
Cheibriados
Elyvilon
Ru
Sif Muna
Xom
Yredelemnul


Innate Abilities, Weirdness & Mutations

Your plain brown scales are hard. (AC +6)
You cannot fit into any form of body armour.
You are cold-blooded and may be slowed by cold attacks.
Your large and strong wings let you fly indefinitely.
You have supernaturally acute eyesight. (SInv)
Your system is resistant to poisons. (rPois)
You evolve.


Message History

The gnoll is almost dead.
The gnoll barely misses you. The gnoll misses you.
You barely miss the gnoll shaman.
The gnoll shaman is moderately wounded.
The gnoll shaman completely misses you. The gnoll barely misses you.
You barely miss the gnoll.
The gnoll is almost dead.
The gnoll shaman hits you with a whip. The gnoll hits you but does no damage.
The gnoll hits you from afar with a halberd.
You barely miss the gnoll.
The gnoll is almost dead.
The gnoll shaman hits you with a whip! The gnoll misses you.
The gnoll hits you from afar with a halberd!
* * * LOW HITPOINT WARNING * * *
You hit the gnoll but do no damage.
Your weapon exudes an aura of protection.
The gnoll is almost dead.
The gnoll shaman hits you with a whip!
You die...
Xom titters!

##....#...........#........
#....#...........#........
##################.........
........................
........................
........................
........................
........gg..............
.......@ggg.............
#####+####'##.....##+###
..8....g.#.....#
..>......#.....#
..8......#.....# .......!.+
... .........# .........#
##.......#


You could see a gnoll shaman and 4 gnolls.

Vanquished Creatures
  An ogre (D:4)
  2 big kobolds (D:3)
  A scorpion (D:3)
  A hound (D:4)
  Terence (D:3)
  2 worker ants
  A gnoll (D:1)
  3 adders (D:3)
  A worm (D:3)
  3 dart slugs
  4 leopard geckos
  12 orcs (D:3)
  A ball python (D:1)
  3 giant cockroaches
  2 goblins
  7 hobgoblins
  2 quokkas (D:2)
  5 bats
  6 frilled lizards
  19 kobolds
  4 rats
81 creatures vanquished.

Notes
Turn   | Place    | Note
-------+----------+-------------------------------------------
     0 | D:1      | Michaellaneous the Draconian Chaos Knight began the quest for the Orb.
     0 | D:1      | Reached XP level 1. HP: 19/19 MP: 1/1
    44 | D:1      | XOM: harmless Air miscast
   182 | D:1      | Reached XP level 2. HP: 24/26 MP: 2/2
   587 | D:1      | XOM: divination: detect items
   608 | D:1      | Reached XP level 3. HP: 13/31 MP: 3/3
   664 | D:1      | XOM: harmless Hex miscast
  1194 | D:2      | XOM: divination: magic mapping
  1203 | D:2      | Found a shimmering altar of Xom.
  1253 | D:2      | Found a white marble altar of Elyvilon.
  1391 | D:2      | XOM: silly message
  1412 | D:2      | Found a basalt altar of Yredelemnul.
  1645 | D:2      | Found a sacrificial altar of Ru.
  1778 | D:3      | Reached skill level 1 in Stealth
  1963 | D:3      | Reached XP level 4. HP: 34/39 MP: 4/4
  2038 | D:3      | XOM: harmless Tmut miscast
  2054 | D:3      | XOM: silly message
  2092 | D:3      | Noticed Terence
  2092 | D:3      | XOM: potion effect (might)
  2100 | D:3      | XOM: fake destruction
  2112 | D:3      | Killed Terence
  2285 | D:3      | XOM: enchant monster (bad)
  2298 | D:3      | Reached skill level 1 in Maces & Flails
  2511 | D:3      | Noticed a big kobold
  2522 | D:3      | Reached XP level 5. HP: 41/46 MP: 5/5
  2530 | D:3      | XOM: potion effect (might)
  2577 | D:3      | Reached XP level 6. HP: 18/52 MP: 6/6
  2639 | D:3      | XOM is BORED!
  2639 | D:3      | XOM: medium Fire miscast
  2660 | D:3      | XOM: scenery: create altars
  3028 | D:3      | Found a deep blue altar of Sif Muna.
  3028 | D:3      | Found a snail-covered altar of Cheibriados.
  3190 | D:3      | XOM: give mutation
  3190 | D:3      | Gained mutation: Your system is resistant to poisons. (rPois) [Xom's grace]
  3329 | D:4      | XOM: cloud trail
  3367 | D:4      | XOM: give mutations
  3367 | D:4      | Gained mutation: Your large and strong wings let you fly indefinitely. [Xom's grace]
  3367 | D:4      | Gained mutation: You evolve. [Xom's grace]
  3367 | D:4      | Gained mutation: You have supernaturally acute eyesight. (SInv) [Xom's grace]
  3399 | D:4      | Noticed a hippogriff
  3401 | D:4      | XOM: scenery: create altars
  3418 | D:4      | XOM: fake destruction
  3523 | D:4      | XOM: scenery: 1 doors open, 2 doors close
  3730 | D:4      | Found a staircase to the Ecumenical Temple.
  3759 | D:4      | Slain by a gnoll shaman

Skill      XL: |  1  2  3  4  5  6 |
---------------+-------------------+-----
Stealth        | 1 |  1.9
Polearms       | 4 |  4.3
Maces & Flails | 1 3 4 |  4.2
Fighting       | 4 |  4.9
Dodging        | 3 |  3.3

Action                   |  1- 3 |  4- 6 || total
-------------------------+-------+-------++-------
Melee: Spear             |    98 |       ||    98
       Tailslap          |     7 |    23 ||    30
       Mace              |    16 |   216 ||   232
  Use: Scroll            |     1 |     2 ||     3
       Potion            |       |     2 ||     2
 Stab: Sleeping          |     3 |       ||     3
       Confused          |     1 |       ||     1
  Eat: Chunk             |     3 |     6 ||     9
Armor: Skin              |    27 |   100 ||   127
Dodge: Dodged            |    60 |   161 ||   221
